Get step-by-step instructions on how to execute this build order below. Start the game timer, and the build order will tick by so you can play in parallel with StarCraft on a second screen or mobile device.

Game Time

  0:00

Last Step

  N/A

Next Step

Upcoming Step



Don't want to look back and forth between 2 screens? Try out our Overwolf App, the Spawning Tool Build Advisor to get an in-game overlay with this build!

Complete Build Order

  12  0:00  SCV  
  13  0:12  SCV  
  14  0:17  Supply Depot  
  14  0:24  SCV  
  15  0:38  SCV  
  15  0:40  Barracks  
  16  0:43  Refinery  
  16  0:50  SCV  
  17  1:02  SCV  
  18  1:15  SCV  
  19  1:27  Orbital Command, Reaper  
  20  1:42  Command Center  
  20  1:48  Supply Depot  
  20  1:52  SCV  
  21  1:59  Marine  
  22  2:05  Factory  
  22  2:08  SCV  
  23  2:14  Bunker  
  23  2:20  SCV  
  23  2:21  Barracks Reactor  
  24  2:29  Refinery  
  24  2:32  SCV  
  25  2:44  SCV  
  25  2:48  Cyclone  
  25  2:50  Barracks  
  28  2:56  SCV  
  28  2:58  Marine x2  
  29  3:02  Orbital Command  
  31  3:08  SCV  
  32  3:16  Marine x2  
  34  3:20  Factory Tech Lab  
  34  3:21  SCV  
  35  3:30  SCV  
  35  3:34  SCV, Marine x2  
  36  3:37  Starport  
  36  3:41  Siege Tank  
  42  3:43  SCV  
  43  3:50  Barracks Tech Lab  
  43  3:51  Supply Depot  
  43  3:53  Marine x2  
  43  3:55  SCV  
  46  4:04  Refinery  
  46  4:09  SCV x2  
  46  4:12  Marine  
  46  4:14  Stimpack  
  46  4:16  Marine x2  
  49  4:21  SCV x2  
  49  4:22  Siege Tank  
  53  4:27  Supply Depot  
  53  4:30  Marine  
  54  4:33  SCV  
  54  4:34  Marine x2  
  54  4:36  SCV  
  58  4:41  Medivac  
  58  4:44  Supply Depot  
  60  4:45  SCV  
  60  4:48  Marine  
  60  4:51  SCV, Engineering Bay  
  63  4:56  Marine x2  
  63  4:57  SCV  
  66  5:02  Siege Tank  
  66  5:04  SCV  
  70  5:10  SCV  
  70  5:13  Supply Depot  
  70  5:16  SCV  
  70  5:17  Marine x2  
  70  5:20  Marauder  
  74  5:22  SCV  
  74  5:27  Supply Depot  
  74  5:28  SCV  
  74  5:34  SCV  
  74  5:41  SCV  
  74  5:42  Marauder, Marine x2  
  77  5:46  SCV  
  70  5:52  Siege Tank  
  70  5:53  SCV  
  70  5:54  Combat Shield  
  71  5:58  SCV  
  65  6:07  Command Center, Marauder, Marine  
  65  6:09  Marine  
  68  6:15  Barracks  
  68  6:17  Refinery  
  68  6:19  Starport Reactor  
  68  6:20  SCV x2  
  68  6:25  Terran Infantry Weapons Level 1  
  70  6:26  Marine x2  
  70  6:29  Marauder  
  70  6:30  Siege Tank  
  77  6:34  Supply Depot, SCV  
  77  6:35  SCV  
  79  6:45  Barracks x2, Marine x2  
  81  6:48  SCV x2  
  83  6:55  Medivac x2  
  83  6:58  Marauder  
  83  7:00  SCV x2  
  91  7:03  Marine x2  
  93  7:11  Factory Reactor  
  93  7:12  SCV x2  
  93  7:14  Missile Turret x2, Marauder  
  93  7:15  Supply Depot, Concussive Shells  
  97  7:20  Orbital Command  
  97  7:23  Marine  
  97  7:24  Marauder, Marine, SCV  
  97  7:28  Medivac  
  97  7:29  Medivac  
  106  7:38  Barracks Reactor, Barracks Tech Lab  
  106  7:39  Marauder  
  106  7:41  SCV x2  
  110  7:45  Orbital Command  
  110  7:46  Marine x2  
  110  7:47  Marauder  
  110  7:49  Widow Mine x2  
  118  7:53  SCV  
  118  7:56  Missile Turret  
  118  7:57  Missile Turret  
  121  7:58  Marauder, Supply Depot  
  121  8:00  Supply Depot, SCV  
  122  8:06  Marine  
  122  8:07  Marauder  
  125  8:15  Supply Depot  
  125  8:19  Terran Infantry Armor Level 1, Marine x4  
  125  8:20  Marauder, SCV  
  125  8:22  Viking  
  125  8:26  Viking  
  136  8:28  Refinery  
  136  8:31  Supply Depot  
  136  8:34  Marauder  
  138  8:37  Marine  
  138  8:38  Marauder  
  140  8:44  Marauder  
  140  8:47  Marine x3  
  142  8:52  Viking  
  142  8:55  Marauder, Marine  
  145  8:59  Supply Depot, Ghost Academy  
  145  9:01  Viking, Marauder  
  151  9:03  Widow Mine x2  
  151  9:06  Refinery  
  151  9:09  Supply Depot  
  153  9:10  Supply Depot  
  153  9:13  Marine, Marauder  
  153  9:15  Supply Depot  
  156  9:20  Armory  
  150  9:24  Marauder, Marine  
  150  9:28  Viking  
  152  9:31  Viking, Marine  
  152  9:32  Marauder  
  157  9:43  Marine  
  157  9:44  Ghost, Marine x2  
  157  9:45  Ghost  
  164  9:52  Marine  
  165  10:00  Ghost  
  165  10:03  Command Center  
  166  10:13  Marauder  
  161  10:14  Marauder  
  161  10:15  Marine  
  161  10:16  Viking x2, Marine  
  161  10:17  Marine x2  
  161  10:20  Terran Infantry Weapons Level 2  
  164  10:29  Marauder  
  164  10:34  Marauder, Widow Mine  
  164  10:35  Widow Mine  
  172  10:36  Command Center  
  172  10:41  Marauder  
  174  10:42  Marine  
  166  10:50  Marauder, Marine x3  
  166  10:56  Marauder, Widow Mine  
  154  11:00  Marine  
  154  11:01  Marine  
  154  11:02  Widow Mine  
  154  11:05  SCV x2  
  154  11:08  Marine x2  
  154  11:10  Marine  
  159  11:17  Widow Mine  
  165  11:19  Medivac  
  165  11:20  Medivac  
  169  11:27  Marine  
  169  11:28  Ghost  
  169  11:29  Ghost  
  169  11:30  Ghost  
  148  11:48  Marine x2  
  129  11:57  Ghost x2  
  129  11:58  Marine  
  129  12:04  Ghost  
  112  12:14  Widow Mine  
  112  12:15  Widow Mine  
  98  12:24  Orbital Command  
  98  12:25  Marine  
  98  12:26  Ghost, Marine  
  98  12:27  Marauder  
  73  12:32  Marine  
  73  12:33  Marauder  
  72  12:39  Marine  
  72  12:43  Marine  
  72  12:49  Marine  
  68  12:54  Marine  
  69  13:01  Marauder  
  69  13:06  Marine  
  69  13:10  Marauder  
  70  13:15  Marauder, Marine x2  
  70  13:18  Marine  
  75  13:22  Marauder  
  77  13:30  Marine  
  77  13:31  Marauder  
  80  13:34  Marine x2  
  80  13:37  Marine, Marauder  
  85  13:44  Marauder  
  85  13:48  Marine  
  88  13:52  Marauder, Marine x2  
  88  13:55  Marine  
  89  14:05  Marine